 Dungeon Crawl Stone Soup version 0.28-a0-819-g6ef7baa362 (webtiles) character file.

Game seed: 14516981369396302552

0 meatgazer the Skirmisher (level 1, -58/18 HPs)
             Began as a Demonspawn Abyssal Knight on Nov 8, 2021.
             Was a Follower of Lugonu.
             Killed from afar by a lich (60 damage)
             ... with a bolt of cold
             ... on level 1 of the Abyss.
             The game lasted 00:00:06 (58 turns).

meatgazer the Skirmisher (Demonspawn Abyssal Knight)  Turns: 58, Time: 00:00:06

Health: -58/18     AC:  3    Str: 13    XL:     1   Next: 0%
Magic:  2/2        EV: 11    Int: 11    God:    Lugonu [*.....]
Gold:   0          SH:  0    Dex: 13    Spells: 0/0 levels left

rFire   . . .      SeeInvis .   a - +1 falchion
rCold   . . .      Faith    .   (no shield)
rNeg    . . .      Spirit   .   b - +0 leather armour
rPois   .          Reflect  .   (no helmet)
rElec   .          Harm     .   (no cloak)
rCorr   .          Rampage  .   (no gloves)
Will    .....                   (no boots)
Stlth   +.........              (no amulet)
HPRegen 0.06/turn               (no ring)
MPRegen 0.08/turn               (no ring)

@: attractive
A: no striking features
a: Renounce Religion, Depart the Abyss


You were on level 1 of the Abyss.
You worshipped Lugonu.
Lugonu was aware of your devotion.
You visited 0 branches of the dungeon, and saw 0 of its levels.
You visited the Abyss 1 time.

Inventory:

Hand Weapons
 a - a +1 falchion (weapon)
Armour
 b - a +0 leather armour (worn)


   Skills:
 + Level 3.0 Fighting
 + Level 1.7 Long Blades
 + Level 1.7 Armour
 + Level 0.8 Dodging
 + Level 2.4 Invocations


You couldn't memorise any spells.
You didn't know any spells.
Your spell library was empty.

Dungeon Overview and Level Annotations

Branches:
Dungeon (0/15)

Altars:


Message History

Welcome, meatgazer the Demonspawn Abyssal Knight.
They say the Orb of Zot lies within this dungeon, but they say a lot of things.
Lugonu says: Depart the Abyss and spread corruption, my servant! (use the ability menu to exit the Abyss) Press ? for a list of commands and other information.
Found a ring mail.
Found a corrupted altar of Lugonu.
You see here a +0 ring mail.
You see here a +0 ring mail.
c - a sedimented brown potion A small abomination appears in a shower of translocational energy.
It was a potion of attraction.
You feel attractive to monsters.
The ufetubus shouts!
You hear a shout!
The small abomination is attracted toward you.
The ufetubus is attracted toward you.
You barely miss the small abomination. The ufetubus closely misses you.
The ufetubus misses you. The small abomination misses you.
The ufetubus barely misses you. The ufetubus hits you.
A lich comes into view.
The lich is attracted toward you.
You closely miss the small abomination.
The small abomination closely misses you.
The ufetubus hits you. x2; The small abomination hits you.
The ufetubus barely misses you. The ufetubus closely misses you.
The lich is attracted toward you.
You hit the small abomination but do no damage.
The small abomination hits you.
* * * LOW HITPOINT WARNING * * *
The ufetubus hits you but does no damage.
The ufetubus hits you.
* * * LOW HITPOINT WARNING * * *
The lich gestures at you while chanting.
The bolt of cold hits the ufetubus!
The ufetubus resists.
The ufetubus dies!
The bolt of cold hits you!!!
Ouch! That really hurt!
You die...

.. #... .# ...
.... .. ....
#..##..# ..
....##..##..##..
..ยง.......... ..
.L..... .. ... .
#..##..##..#
....##.@##..##..##
......x...........
..................
....##..##..##..##
... ##..##..##.. #
.. ...... .......
. ...............
.##..##..##..## ..
#..##..##..#


You could see a lich and a small abomination.

Vanquished Creatures (others)
  An ufetubus (Abyss:1)
1 creature vanquished.

Notes
Turn   | Place    | Note
-------+----------+-------------------------------------------
     0 | Abyss:1  | meatgazer the Demonspawn Abyssal Knight began the quest for
                  | the Orb.
     0 | Abyss:1  | Reached XP level 1. HP: 18/18 MP: 2/2
    25 | Abyss:1  | Found a corrupted altar of Lugonu.
    54 | Abyss:1  | Noticed a small abomination
    56 | Abyss:1  | Noticed a lich
    58 | Abyss:1  | Killed from afar by a lich

Illustrated notes

Levels and vault maps discovered:
Abyss:1:  base: Temple, evilmike_abyss_exit_14, base:
Temple

Action                   || total
-------------------------++-------
Melee: Falchion          ||     3
  Use: Potion            ||     1
Armor: Leather armour    ||     1
Dodge: Dodged            ||     7

Table legend: (Time is in decaauts)
 A = Elapsed time spent in this place.
 B = Non-inter-level travel time spent in this place.
 C = Inter-level travel time spent in this place.
 D = Time resting spent in this place.
 E = Time spent auto-exploring this place.
 F = Levels seen in this place.
 G = Mean time per level.
                   A        B        C        D        E       F      G
               +--------+--------+--------+--------+--------+-----+--------+
         Total |     58 |     58 |      0 |      0 |     53 |   1 |   58.0 |
         Abyss |     58 |     58 |      0 |      0 |     53 |   1 |   58.0 |
               +--------+--------+--------+--------+--------+-----+--------+

Top non-repeatable levels by time:
 Abyss:1: 58 daAuts
